 Dungeon Crawl Stone Soup version 0.15-a0-1363-g87d8b17 (webtiles) character file.

1493 Chiseanne the Nimble (level 8, -9/73 HPs)
             Began as a Purple Draconian Monk on June 9, 2014.
             Mangled by an ice beast (13 damage)
             ... summoned by ilii's ghost
             ... on Level 6 of the Dungeon.
             The game lasted 00:21:03 (7322 turns).

Chiseanne the Nimble (Purple Draconian Monk)        Turns: 7322, Time: 00:21:03

HP  -9/73        AC  7     Str 15      XL: 8   Next: 51%
MP   8/8         EV 18     Int 15      God:
Gold 373         SH  0     Dex 16      Spells:  1 memorised,  5 levels left

rFire  . . .     SeeInvis .     a - +10,+7 long sword "Muot" {flame, Str+3}
rCold  . . .     Clarity  .     (armour unavailable)
rNeg   + . .     rCorr    .     (no shield)
rPois  .         rRot     .     (helmet restricted)
rElec  .         Spirit   .     q - +0 cloak
SustAb .         Warding  .     (no gloves)
rMut   .         Stasis   .     (no boots)
Gourm  .                        (no amulet)
MR     ++...                    C - ring of wizardry
                                B - ring of positive energy

@: brilliant, very slightly contaminated, hasted, very quick, very resistant to
hostile enchantments, unstealthy
A: breathe power, unfitting armour, magic resistance 1, spit poison 1, weak 1,
cold-blooded, AC +6
a: Spit Poison, Breathe Dispelling Energy


You were on level 6 of the Dungeon.
You were not hungry.

You visited 2 branches of the dungeon, and saw 7 of its levels.

You collected 373 gold pieces.

Inventory:

Hand weapons
 a - the +10,+7 long sword "Muot" (weapon) {flame, Str+3}
   (You found it on level 5 of the Dungeon)

   It emits flame when wielded, causing extra injury to most foes and up to
   double damage against particularly susceptible opponents.
   Big, fiery blades are also staple armaments of hydra-hunters.
   It affects your strength (+3).
 w - a +1 blowgun
 D - a +2,+2 flail of protection
 G - a +2,+1 glaive of protection
Missiles
 s - 17 tomahawks (quivered)
Armour
 q - a +0 cloak (worn)
Magical devices
 u - a wand of teleportation (1)
 y - a wand of random effects (0)
 F - a wand of random effects (13)
Comestibles
 b - 6 bread rations
 j - 5 fruits
Scrolls
 d - a scroll of enchant weapon II
 h - a scroll of fog
 k - 2 scrolls of teleportation
 m - a scroll of fear
 p - a scroll of amnesia
 t - a scroll of remove curse
 v - 4 scrolls of identify
Jewellery
 c - an uncursed ring of fire
 l - an uncursed ring of see invisible
 B - a ring of positive energy (left hand)
 C - a ring of wizardry (right hand)
Potions
 e - a potion of restore abilities
 n - a potion of heal wounds
 o - 2 potions of curing
 r - a potion of brilliance
Books
 f - a book of Fire

   Spells                             Type                      Level
   Ignite Poison                      Fire/Transmutation           5
   Fireball                           Conjuration/Fire             5
   Bolt of Fire                       Conjuration/Fire             6
   Delayed Fireball                   Conjuration/Fire             7
   Ring of Flames                     Charms/Fire                  7
 i - a book of Transfigurations

   Spells                             Type                      Level
   *Stoneskin                         Transmutation/Earth          2
   Ice Form                           Ice/Transmutation            4
   Statue Form                        Transmutation/Earth          6
   Dragon Form                        Transmutation                7


   Skills:
 * Level 7.0 Fighting
 * Level 1.8 Long Blades
 * Level 8.5 Dodging
 - Level 1.7 Stealth
 - Level 4.0 Unarmed Combat


You had 5 spell levels left.
You knew the following spells:

 Your Spells              Type           Power        Failure   Level  Hunger
a - Stoneskin             Trmt/Erth      #.........   4%          2    ###....


Dungeon Overview and Level Annotations

Branches:
Dungeon (6/15)             Temple (1/1) D:5

Altars:
Ashenzari
Cheibriados
Elyvilon
Fedhas
Makhleb
Qazlal
Trog
Vehumet
Xom
Yredelemnul
The Shining One

Shops:
D:4 (   D:5 }

Annotations:
D:6 ilii's ghost, experienced KoIE


Innate Abilities, Weirdness & Mutations

You can breathe bolts of energy.
You can dispel enchantments when you breathe energy.
Your rich purple scales are hard (AC +6).
Your body does not fit into most forms of armour.
Your cold-blooded metabolism reacts poorly to cold.
You are resistant to hostile enchantments.
You can spit poison.
You are weak. (Str -2)


Message History

Ilii's ghost mumbles some strange words.
Ilii's ghost hits you.
You hit ilii's ghost. You burn ilii's ghost.
Your tail-slap misses ilii's ghost.
Ilii's ghost is almost destroyed.
You feel yourself speed up.
Ilii's ghost points at you and mumbles some strange words.
The shard of ice hits you!
Ouch! That really hurt!
* * * LOW HITPOINT WARNING * * *
The ice beast hits you.
* * * LOW HITPOINT WARNING * * *
The ice beast freezes you.
* * * LOW HITPOINT WARNING * * *
You barely miss ilii's ghost.
Ilii's ghost is almost destroyed.
Ilii's ghost misses you. The ice beast hits you.
* * * LOW HITPOINT WARNING * * *
The ice beast freezes you!
You die...

#####################
...........)...(.(<(#
..$........[.(..(Y..#
.............(.W@...#
.......$...)).......#
....................#
#####################


You could see an ice beast and ilii's ghost.

Vanquished Creatures
  The ghost of haldagan the Shield-Bearer, an experienced FoFi of Qazlal (D:5)
  Edmund (D:6)
  An orc warrior (D:6)
  3 ogres
  2 scorpions (D:4)
  2 giant frog skeletons
  2 centaur skeletons
  2 orc wizards
  6 worker ants (D:4)
  2 hounds
  7 adders
  5 gnolls
  A shadow imp (D:5)
  An inept item mimic (D:5)
  5 worms
  2 giant geckos (D:2)
  An ooze (D:3)
  14 orcs
  A ball python (D:4)
  17 bats
  A giant cockroach (D:1)
  11 hobgoblins
  4 quokkas
  5 giant newts
  16 goblins
  4 jackals
  5 kobolds
  12 rats
  A spectral orc (D:4)
135 creatures vanquished.

Vanquished Creatures (others)
  A hobgoblin (D:3)
  A giant newt (D:3)
2 creatures vanquished.

Grand Total: 137 creatures vanquished

Notes
Turn   | Place    | Note
--------------------------------------------------------------
     0 | D:1      | Chiseanne, the Draconian Monk, began the quest for the Orb.
     0 | D:1      | Reached XP level 1. HP: 19/19 MP: 1/1
   220 | D:1      | Reached XP level 2. HP: 21/26 MP: 2/2
   832 | D:2      | Reached XP level 3. HP: 31/33 MP: 3/3
  1423 | D:2      | Reached XP level 4. HP: 10/41 MP: 4/4
  1836 | D:3      | Found a radiant altar of Vehumet.
  2966 | D:3      | Reached XP level 5. HP: 47/47 MP: 5/5
  3139 | D:4      | Found Khea's Antique Weapon Boutique.
  3169 | D:4      | Found a burning altar of Makhleb.
  3415 | D:4      | Reached skill level 5 in Fighting
  3430 | D:4      | Noticed an ogre
  3450 | D:4      | HP: 1/48 [ogre/giant spiked club (31)]
  3454 | D:4      | Killed an ogre
  3454 | D:4      | Reached skill level 5 in Dodging
  3454 | D:4      | Reached XP level 6. HP: 1/56 MP: 6/6
  4662 | D:4      | Learned a level 2 spell: Stoneskin
  4692 | D:4      | Reached skill level 6 in Dodging
  4692 | D:4      | Your scales start taking on a rich purple colour.
  4692 | D:4      | Reached XP level 7. HP: 58/62 MP: 7/7
  5136 | D:4      | Found a basalt altar of Yredelemnul.
  5634 | D:5      | Entered Level 5 of the Dungeon
  5730 | D:5      | Got a steaming long sword
  5777 | D:5      | Identified the +10,+7 long sword "Muot" {flame, Str+3} (You found it on level 5 of the Dungeon)
  5857 | D:5      | Noticed haldagan's ghost (experienced FoFi)
  5926 | D:5      | Killed haldagan's ghost
  5926 | D:5      | Reached skill level 1 in Long Blades
  5926 | D:5      | Reached skill level 7 in Dodging
  5926 | D:5      | Reached XP level 8. HP: 53/71 MP: 8/8
  6127 | D:5      | Found Ciysm's Gadget Boutique.
  6184 | D:5      | Found a staircase to the Ecumenical Temple.
  6191 | Temple   | Entered the Ecumenical Temple
  6407 | D:6      | Noticed Edmund
  6745 | D:6      | Reached skill level 8 in Dodging
  6781 | D:6      | Killed Edmund
  6956 | D:6      | Noticed ilii's ghost (experienced KoIE)
  7290 | D:5      | Gained mutation: You are resistant to hostile enchantments. [potion of mutation]
  7290 | D:5      | Gained mutation: You are weak. (Str -2) [potion of mutation]
  7290 | D:5      | Gained mutation: You can spit poison. [potion of mutation]
  7295 | D:5      | Paralysed by a potion of paralysis for 7 turns
  7322 | D:6      | Mangled by an ice beast

Action                   |  1- 3 |  4- 6 |  7- 9 || total
-------------------------+-------+-------+-------++-------
Melee: Unarmed           |   150 |   280 |    95 ||   525
       Long sword        |       |       |    68 ||    68
 Abil: Breathe Dispellin |       |       |     4 ||     4
Evoke: Wand              |       |     4 |    20 ||    24
  Use: Potion            |       |     7 |     6 ||    13
       Scroll            |       |       |     8 ||     8
 Stab: Sleeping          |     1 |     1 |       ||     2
